 Dungeon Crawl Stone Soup version 0.30-a0-137-gd8773701ce (webtiles) character file.

Game seed: 10737636522793903789

27 Iusername the Poker (level 3, -8/29 HPs)
             Began as a Merfolk Berserker on Sept 21, 2022.
             Was a Follower of Trog.
             Mangled by a gnoll
             ... wielding a +0 flail
              (10 damage)
             ... on level 2 of the Dungeon.
             The game lasted 00:00:41 (542 turns).

Iusername the Poker (Merfolk Berserker)              Turns: 542, Time: 00:00:41

Health: -8/29      AC:  2    Str: 19    XL:     3   Next: 10%
Magic:  3/3        EV: 13    Int:  6    God:    Trog [*.....]
Gold:   17         SH:  0    Dex: 13    Spells: 2/2 levels left

rFire   . . .      SeeInvis .    a - +0 spear
rCold   . . .      Faith    .    (no shield)
rNeg    . . .      Spirit   .    b - +0 animal skin
rPois   .          Reflect  .    (no helmet)
rElec   .          Harm     .    (no cloak)
rCorr   .          Rampage  .    (no gloves)
Will    .....                    (no boots)
Stlth   +.........               (no amulet)
HPRegen 0.09/turn                (no ring)
MPRegen 0.08/turn                (no ring)

@: no status effects
A: (nimble swimmer 2), mertail
a: Renounce Religion, Berserk


You were on level 2 of the Dungeon.
You worshipped Trog.
Trog was aware of your devotion.
You visited 1 branch of the dungeon, and saw 2 of its levels.

You collected 17 gold pieces.

Inventory:

Hand Weapons
 a - a +0 spear (weapon)
Armour
 b - a +0 animal skin (worn)
Scrolls
 d - 3 scrolls of enchant weapon {unknown}
 g - 3 scrolls of identify {unknown}
Potions
 c - a potion of ambrosia {unknown}
 e - 2 potions of lignification {unknown}
 f - a potion of mutation {unknown}


   Skills:
 + Level 3.6 Fighting
 + Level 4.6 Polearms
 + Level 1.5 Armour
 + Level 3.2 Dodging
 + Level 0.4 Stealth


You had 2 spell levels left.
You didn't know any spells.
Your spell library was empty.

Dungeon Overview and Level Annotations

Branches:
Dungeon (2/15)

Altars:


Innate Abilities, Weirdness & Mutations

((You are very nimble when in or above water. (Stealth+, EV+, Speed+++)))
Your lower body shifts to a powerful aquatic tail in water.


Message History

You feel stronger. x2
A gnoll is nearby!
A gnoll comes into view. It is wielding a +0 halberd.
The gnoll moves out of view.
Things that are here:
a +0 club; a gnoll corpse Unknown command.
A gnoll is nearby!
You hit the gnoll.
The gnoll is heavily wounded.
The gnoll hits you with a +0 flail!
A gnoll is nearby!
You are too injured to fight recklessly!
Unknown command.
A gnoll is nearby!
You are too injured to fight recklessly!
Unknown command.
A gnoll is nearby!
You are too injured to fight recklessly!
A gnoll is nearby!
You are too injured to fight recklessly!
A gnoll is nearby!
You are too injured to fight recklessly!
You are too injured to fight recklessly!
You are too injured to fight recklessly!
You barely miss the gnoll.
The gnoll is heavily wounded.
The gnoll hits you with a +0 flail!
* * * LOW HITPOINT WARNING * * *
You hit the gnoll.
The gnoll is severely wounded.
The gnoll closely misses you.
You barely miss the gnoll.
The gnoll is severely wounded.
The gnoll hits you with a +0 flail.
* * * LOW HITPOINT WARNING * * *
You hit the gnoll.
The gnoll is severely wounded.
The gnoll hits you with a +0 flail!
You die...

###### ##.....#..
##.........
#........).. .
#........... ...
#...........
.....##...........
......g@..........
...#####).........
##.....#..
##....## #...#.#
##.###.# #..# #
########.##
#.........#


You could see a gnoll.

Vanquished Creatures
  A gnoll (D:2)
  2 ball pythons (D:1)
  An endoplasm (D:2)
  2 hobgoblins (D:1)
  4 kobolds
  A bat (D:1)
  3 frilled lizards (D:1)
  2 goblins (D:1)
  3 rats (D:1)
19 creatures vanquished.

Notes
Turn   | Place    | Note
-------+----------+-------------------------------------------
     0 | D:1      | Iusername the Merfolk Berserker began the quest for the
                  | Orb.
     0 | D:1      | Reached XP level 1. HP: 18/18 MP: 1/1
   207 | D:1      | Reached XP level 2. HP: 24/24 MP: 2/2
   455 | D:1      | Found a faded altar of an unknown god.
   537 | D:2      | Reached XP level 3. HP: 24/29 MP: 3/3
   542 | D:2      | Mangled by a gnoll

Illustrated notes

Levels and vault maps discovered:
D:1:      denvon_arrival_planthouse, layout_rooms,
          chequers_ecumenical_altar_twisty
D:2:      layout_rooms, serial_rivers, chequers_serial_rivers_small_3,
          chequers_serial_rivers_small_a, chequers_serial_rivers_room_b,
          chequers_serial_rivers_micro_c, chequers_serial_rivers_micro_c,
          chequers_serial_rivers_micro_c

Skill      XL: |  1  2 |
---------------+-------+-----
Dodging        | 3 |  3.2
Fighting       | |  3.6
Polearms       | |  4.6
Armour         | |  1.5
Stealth        | |  0.4

Action                   || total
-------------------------++-------
Melee: Spear             ||    64
 Stab: Distracted        ||     1
       Sleeping          ||     1
Armor: Animal skin       ||     6
Dodge: Dodged            ||    19

Table legend: (Time is in decaauts)
 A = Elapsed time spent in this place.
 B = Non-inter-level travel time spent in this place.
 C = Inter-level travel time spent in this place.
 D = Time resting spent in this place.
 E = Time spent auto-exploring this place.
 F = Levels seen in this place.
 G = Mean time per level.
                   A        B        C        D        E       F      G
               +--------+--------+--------+--------+--------+-----+--------+
         Total |    534 |    534 |      0 |      0 |    416 |   2 |  267.0 |
       Dungeon |    534 |    534 |      0 |      0 |    416 |   2 |  267.0 |
               +--------+--------+--------+--------+--------+-----+--------+

Top non-repeatable levels by time:
     D:1: 480 daAuts
     D:2: 54 daAuts
